 Dungeon Crawl Stone Soup version 0.20.1-1-g8b1a95d (webtiles) character file.

433185 Sharkie the Slayer (level 23, -26/227 HPs)
             Began as a Hill Orc Monk on Aug 21, 2017.
             Was the Champion of Beogh.
             Killed from afar by an ancient lich (74 damage)
             ... with a crystal spear
             ... on level 5 of the Vaults on Aug 27, 2017.
             The game lasted 08:33:08 (62679 turns).

Sharkie the Slayer (Hill Orc Monk)                 Turns: 62679, Time: 08:33:09

Health: -26/227    AC: 30    Str: 29    XL:     23   Next: 95%
Magic:  31/31      EV: 13    Int: 10    God:    Beogh [******]
Gold:   1661       SH: 38    Dex: 22    Spells: 8/22 levels left

rFire    + . .     SeeInvis +   t - +5 demon trident "X" {pain, Fragile +Rage Str+5}
rCold    . . .     Gourm    .   U - +8 large shield {reflect}
rNeg     . . .     Faith    .   J - +4 plate armour {rF+}
rPois    +         Spirit   .   (helmet restricted)
rElec    +         Reflect  +   e - +0 cloak
rCorr    .         Harm     .   i - +0 pair of gloves of Contentment {*Contam Dex+9}
MR       +++++     Clarity  +   k - +0 pair of boots
Stlth    ..........             s - amulet "Uhim Jor" {Reflect rElec MR+ SH+4}
Regen    0.5/turn               d - ring of Doonil Ajubb {MR+++ SInv}
MPRegen  0.3/turn               I - ring of poison resistance

@: no status effects
A: walk on water, horns 2, iridescent scales 1, clarity
}: 2/15 runes: decaying, gossamer
a: Smiting, Recall Orcish Followers, Give Item to Named Follower, Resurrection,
Renounce Religion, Evoke Berserk Rage


You were on level 5 of the Vaults.
You worshipped Beogh.
Beogh was exalted by your worship.
You were not hungry.

You visited 9 branches of the dungeon, and saw 45 of its levels.
You visited 1 bazaar.
You also visited: Bailey.

You collected 5338 gold pieces.
You spent 3677 gold pieces at shops.

Inventory:

Hand Weapons
 b - a +4 demon whip
 t - the +5 demon trident "X" (weapon) {pain, Fragile +Rage Str+5}
   (You acquired it on level 15 of the Dungeon)

   In the hands of one skilled in necromantic magic, it inflicts extra damage on
   living creatures.
   It affects your strength (+5).
   It lets you go berserk.
   It will be destroyed if unequipped.
 z - the +7 long sword of a Spat {antimagic, MP-9 Dex+3}
   (You found it on level 13 of the Dungeon)

   It reduces the magical energy of the wielder, and disrupts the spells and
   magical abilities of those hit.
   Natural abilities and divine invocations are not affected.
   It affects your dexterity (+3).
   It affects your magic capacity (-9).
 K - a +5 demon trident of flaming
 T - the +5 hand crossbow of Xoduox {velocity, rN+, unknown}
   (You found it on level 3 of the Elven Halls)

   Any bolt fired from it inflicts extra damage.
   It protects you from negative energy.
 X - a +1 demon whip of freezing
Armour
 e - a +0 cloak (worn)
 i - the +0 pair of gloves of Contentment (worn) {*Contam Dex+9}
   (You found it on level 1 of the Elven Halls)

   It affects your dexterity (+9).
   It causes magical contamination when unequipped.
 k - a +0 pair of boots (worn)
 J - a +4 plate armour of fire resistance (worn)
 Q - a +8 plate armour of ponderousness
 U - a +8 large shield of reflection (worn)
Jewellery
 d - the ring of Doonil Ajubb (left hand) {MR+++ SInv}
   (You bought it in a shop on level 2 of the Orcish Mines)

   [ring of see invisible]

   It affects your resistance to hostile enchantments.
   It lets you see invisible.
 s - the amulet "Uhim Jor" (around neck) {Reflect rElec MR+ SH+4}
   (You bought it in a shop on level 2 of the Orcish Mines)

   [amulet of reflection]

   It shields you and reflects attacks.
   It insulates you from electricity.
   It affects your resistance to hostile enchantments.
   It affects your SH (+4).
 x - a cursed ring of loudness {unknown}
 I - a ring of poison resistance (right hand)
Wands
 j - a wand of lightning (2/15)
 l - a wand of enslavement (5/24)
 B - a wand of confusion (31/48)
 H - a wand of digging (21/24)
 W - a wand of confusion (8/48)
Scrolls
 f - a scroll of acquirement
 g - 5 scrolls of enchant weapon
 m - 17 scrolls of teleportation
 n - 24 scrolls of remove curse
 r - 4 scrolls of identify
 w - 8 scrolls of recharging
 y - 2 scrolls of holy word
 A - 2 scrolls of blinking
 D - 5 scrolls of fear
 P - 5 scrolls of brand weapon
 R - a scroll of amnesia
 V - 5 scrolls of enchant armour
 Y - 4 scrolls of fog
Potions
 o - 4 potions of cancellation
 F - 3 potions of might
 G - 14 potions of curing
 L - 12 potions of haste
 M - 6 potions of mutation
 N - a potion of invisibility
 O - 6 potions of flight
 S - a potion of magic
Miscellaneous
 p - a lamp of fire (inert)
 Z - a phial of floods
Comestibles
 a - 20 meat rations
 h - 16 royal jellies
 q - 19 bread rations
 u - 17 fruits


   Skills:
 + Level 23.3 Fighting
 - Level 21.1 Polearms
 + Level 19.6 Armour
 - Level 7.0 Dodging
 - Level 1.5 Stealth
 + Level 22.1 Shields
 - Level 6.0 Necromancy
 - Level 10.0 Invocations
 - Level 11.0 Evocations


You had 8 spell levels left.
You knew the following spells:

 Your Spells              Type           Power        Failure   Level  Hunger
a - Control Undead        Necr           ##........   90%         4    #####..
b - Dispel Undead         Necr           ##......     99%         5    ######.
c - Aura of Abjuration    Summ           #.........   100%        5    ######.


Dungeon Overview and Level Annotations

Branches:
Dungeon (15/15)            Temple (1/1) D:5            Lair (6/6) D:11
  Swamp (4/4) Lair:3       Spider (4/4) Lair:3        Slime (0/5) Lair:6
    Orc (2/2) D:12            Elf (3/3) Orc:2        Vaults (5/5) D:14
  Crypt (0/3) Vaults:2     Depths (5/5) D:15            Zot (0/5) Depths:5

Altars:
Ashenzari
Cheibriados
Dithmenos
Elyvilon
Fedhas
Gozag
Hepliaklqana
Kikubaaqudgha
Makhleb
Nemelex Xobeh
Okawaru
Qazlal
Ru
Sif Muna
Trog
Uskayaw
Vehumet
Xom
Yredelemnul
Zin
The Shining One
Beogh
Jiyva
Lugonu

Shops:
D:8 %   D:10 (!   D:11 [}[=   D:15 %?}:?   Orc:1 %   Orc:2 *([=   Vaults:1 *
Vaults:3 %   Depths:3 [

Portals:
Hell: Lair:6 Depths:1 Depths:2 Depths:3 Depths:4 Depths:5
Abyss: Depths:1 Depths:4 Depths:5
Pandemonium: Depths:1 Depths:2 Depths:3
Ziggurat: Depths:1
Trove: D:15 (give robe of Vines)

Annotations:
Lair:3 exclusion: 4 oklob plants
Elf:2 5 runed doors, exclusion: 5 doors
Depths:4 1 exclusion


Innate Abilities, Weirdness & Mutations

You can walk on water.
You have a pair of horns on your head.
You are partially covered in iridescent scales. (AC +2)
You possess an exceptional clarity of mind.


Message History

The ancient lich is moderately damaged.
Wulfoc hits the vault warden from afar with a +1 antimagic bardiche!!
The vault warden's magic leaks into the air.
You block the ancient lich's attack.
The vault warden falters for a moment.
You hear a shout!
You hit the ancient lich but do no damage.
You headbutt the ancient lich!
The ancient lich is moderately damaged.
You block the ancient lich's attack.
You puncture the ancient lich! You headbutt the ancient lich!
The ancient lich is heavily damaged.
You hear a distant "Zot"!
The vault warden activates a sealing rune.
Wulfoc barely misses the vault warden.
You block the ancient lich's attack.
You impale the ancient lich!!
You headbutt the ancient lich, but do no damage.
The ancient lich is severely damaged.
The ancient lich points at you and mumbles some strange words.
The crystal spear hits you!
You die...

#..#....# #..#....#
#..#....# ##+##..#....#
.......#....#
.......#....#...
................
##############........##
........(.@Lp..c........
.......(..o.O............
#########################


You could see an ancient lich, a vault warden, a yaktaur captain, an ogre and
the friendly Wulfoc the orc warlord.

Vanquished Creatures
  Margery (Depths:3)
  2 golden dragons (Depths:2)
  A lich (Depths:3)
  The ghost of FollowTheCloud the Warrior, an adept MiGl of Okawaru (Vaults:1)
  Jorgrun (Depths:4)
  A tentacled monstrosity (Depths:4)
  2 titans (Vaults:5)
  3 acid blobs (Depths:4)
  Kirke (Swamp:1)
  A thorn hunter (Swamp:4)
  A storm dragon (Vaults:5)
  The ghost of letownia the Black Belt, an adept OpTm of Gozag (Elf:3)
  3 tengu reavers
  3 deep elf sorcerers (Elf:3)
  3 frost giants
  5 vault wardens
  5 fire giants
  A ghost moth (Spider:4)
  2 spriggan defenders (Depths:5)
  A draconian stormcaller (Depths:5)
  A deep elf elementalist (Elf:3)
  17 very ugly things
  9 ironheart preservers
  7 stone giants
  2 entropy weavers
  A black draconian (Depths:5)
  4 vampire knights
  5 deep elf demonologists
  A lorocyproca (Depths:3)
  6 deep elf annihilators
  2 spark wasps (Spider:4)
  8 ettins
  2 deep elf death magi
  7 fire dragons
  A death ooze (Depths:4)
  7 yaktaur captains
  Fannar (Lair:2)
  4 deep elf high priests
  4 great orbs of eyes
  2 ice dragons
  17 vault guards
  11 hydras
  3 ghost crabs
  7 alligators
  3 death knights
  3 centaur warriors
  2 spriggan air magi
  7 dancing weapons
  10 ogre magi
  The ghost of Gelerth the Basher, a journeyman GrFi of Okawaru (Swamp:1)
  16 two-headed ogres
  A vampire mage (Depths:4)
  5 death scarabs (Spider:4)
  A spriggan berserker (Depths:5)
  5 deep troll shamans
  2 tengu warriors (D:14)
  A soul eater (Depths:3)
  11 deep elf knights
  A fire crab (Swamp:4)
  10 deep trolls
  3 hell knights
  3 flayed ghosts
  3 skeletal warriors (Vaults:1)
  15 deep elf archers
  A spriggan druid (Swamp:4)
  2 unseen horrors (Depths:4)
  3 shadow wraiths
  3 lindwurms
  6 wizards
  43 deep elf magi
  9 necromancers
  6 swamp dragons
  23 wolf spiders
  2 phantasmal warriors (Depths:3)
  3 glowing orange brains
  8 large abominations
  Pikel (D:7)
  6 ironbrand convokers
  7 harpies
  An iron dragon zombie (Depths:3)
  6 orc knights
  4 orb spiders
  A frost giant zombie (Depths:1)
  An orc sorcerer (Vaults:3)
  5 cyclopes
  4 manticores
  19 ugly things
  4 moths of wrath (Spider:4)
  6 elephants
  A frost giant skeleton (Depths:1)
  A fire giant skeleton (Vaults:5)
  A rust devil (Depths:2)
  Joseph (D:7)
  A black mamba (shapeshifter) (Vaults:3)
  7 vault sentinels
  A human skeleton (Vaults:1)
  5 black mambas
  A spiny frog (shapeshifter) (Depths:1)
  4 centaur skeletons
  3 spiny frogs
  A spectral redback (Spider:4)
  A komodo dragon (shapeshifter) (Vaults:4)
  A kobold demonologist (D:13)
  2 komodo dragons
  A redback zombie (Spider:4)
  2 rime drakes (shapeshifter)
  3 freezing wraiths
  19 yaktaurs
  4 demonic crawlers (Spider:4)
  2 meliai (Spider:4)
  14 jumping spiders
  A troll (shapeshifter) (D:12)
  2 tengu conjurers
  A hornet (shapeshifter) (Elf:2)
  Prince Ribbit (D:6)
  2 spectral jumping spiders (Spider:4)
  13 hornets
  A polar bear (Lair:5)
  A spectral tarantella (Spider:4)
  A troll (D:10)
  A jumping spider zombie (Spider:4)
  10 blink frogs
  5 tyrant leeches
  A wind drake (shapeshifter) (Vaults:1)
  6 bog bodies
  A stone giant simulacrum (Depths:1)
  25 slime creatures
  4 hippogriffs
  An ettin zombie (Depths:1)
  2 dream sheep
  51 redbacks
  2 shadows
  A water elemental (Elf:2)
  3 air elementals
  13 tarantellas
  2 wraiths
  2 spriggans
  5 hogs
  A yak (shapeshifter) (Vaults:4)
  11 yaks
  Sigmund (D:6)
  A ynoxinul (Depths:3)
  2 wyverns
  3 fire elementals
  2 chaos spawn (Depths:4)
  A human (D:7)
  A yaktaur simulacrum (Vaults:1)
  14 vampire mosquitoes
  A hungry ghost (D:7)
  A swamp worm (shapeshifter) (Depths:3)
  3 steam dragons (Swamp:4)
  10 insubstantial wisps
  A soldier ant (shapeshifter) (Vaults:3)
  The ghost of letownia the Insei, an amateur OpTm (D:5)
  4 acid dragons
  4 wargs
  19 swamp worms
  Menkaure (D:7)
  3 hell hounds
  A spectral hornet (Spider:4)
  5 water moccasins
  17 swamp drakes
  Duvessa (D:4)
  A floating eye (Depths:3)
  A swamp drake (shapeshifter) (Depths:2)
  6 porcupines
  An ogre skeleton (Vaults:1)
  6 orc warriors
  A slave (D:7)
  3 small abominations (Depths:4)
  4 sky beasts
  2 ice beasts
  A necrophage (D:13)
  3 phantoms
  23 ogres
  A boggart (shapeshifter) (Depths:5)
  An elephant zombie (Lair:5)
  3 boggarts
  13 centaurs
  2 wolves (Lair:2)
  An elf skeleton (Vaults:3)
  5 crocodiles
  A human zombie (Vaults:3)
  A big kobold (shapeshifter) (Elf:1)
  A big kobold (D:7)
  Blork the orc (D:6)
  10 bullfrogs
  3 elf zombies (Elf:1)
  A wyvern zombie (D:7)
  5 earth elementals
  Dowan (D:4)
  A glowing shapeshifter simulacrum (Vaults:3)
  A yaktaur skeleton (Vaults:1)
  8 scorpions
  3 wights (D:12)
  17 killer bees
  2 electric eels
  8 howler monkeys
  A lava snake (Swamp:4)
  A centaur zombie (D:8)
  8 crimson imps
  A quasit (Depths:2)
  2 bullfrog zombies
  4 hounds
  9 jellies
  8 orc wizards
  6 orc priests
  5 iguanas
  9 worker ants
  A hound zombie (D:8)
  The ghost of letownia the Insei, a weakling OpTm (D:3)
  A hound skeleton (D:5)
  A worker ant zombie (D:5)
  21 gnolls
  15 adders
  6 shadow imps
  5 oozes
  An adder skeleton (D:7)
  An adder zombie (D:8)
  4 worms
  4 dart slugs
  7 leopard geckos
  11 orcs
  10 bats
  8 giant cockroaches
  10 goblins
  26 hobgoblins
  15 jackals
  23 kobolds
  5 quokkas
  2 ball pythons (D:2)
  3 frilled lizards
  3 rats
  4 briar patches (Swamp:4)
  A crawling corpse (Elf:3)
1173 creatures vanquished.

Vanquished Creatures (collateral kills)
  An ancient lich (Depths:1)
  Saint Roka (Orc:2)
  A caustic shrike (Depths:3)
  2 liches
  2 deep elf blademasters (Elf:3)
  An acid blob (Depths:4)
  2 titans
  2 sphinxes (Depths:2)
  Agnes (Spider:1)
  A shadow dragon (Depths:5)
  2 tengu reavers
  Donald (Swamp:4)
  2 storm dragons
  An azure jelly (Depths:4)
  Roxanne (Spider:2)
  A ghost moth (Spider:4)
  An orc warlord (Orc:2)
  A frost giant (shapeshifter) (D:12)
  4 deep elf sorcerers
  5 emperor scorpions
  2 vault wardens
  7 frost giants
  A deep elf elementalist (Elf:3)
  3 large abominations
  A caustic shrike zombie (Depths:1)
  6 ironheart preservers
  Louise (D:15)
  9 stone giants
  13 very ugly things
  2 deep elf demonologists
  Nessos (D:15)
  7 vampire knights
  2 entropy weavers
  A purple draconian (Depths:5)
  2 black draconians (Depths:5)
  4 spark wasps
  2 deep elf annihilators (Elf:3)
  4 ettins
  4 deep elf death magi
  A death ooze (Depths:4)
  A crystal guardian (Vaults:4)
  Josephine (Lair:4)
  Erolcha (D:9)
  4 great orbs of eyes
  A deep elf high priest (Elf:3)
  4 rakshasas
  14 vault guards
  A great orb of eyes (shapeshifter) (Depths:5)
  3 fire dragons
  A hell beast (Depths:2)
  A hydra (shapeshifter) (Depths:5)
  3 ice dragons
  7 yaktaur captains
  6 hydras
  A monstrous demonspawn (Depths:3)
  34 two-headed ogres
  A death yak (D:11)
  A catoblepas (D:14)
  A ghost crab (Swamp:4)
  3 centaur warriors
  7 deep troll shamans
  5 deep troll earth magi
  5 ogre magi
  3 orc high priests
  3 death scarabs (Spider:4)
  6 dancing weapons (Elf:3)
  2 tengu warriors
  4 spriggans
  A soul eater (Depths:2)
  A titan skeleton (Depths:3)
  5 spriggan berserkers
  3 deep elf knights
  2 sixfirhies
  9 hell knights
  2 iron trolls
  A golden dragon zombie (Depths:1)
  5 skeletal warriors
  A shadow wraith (Vaults:4)
  An unseen horror (D:14)
  3 flayed ghosts
  A wizard (Vaults:3)
  8 deep elf archers
  4 spectral wolf spiders (Spider:4)
  20 deep trolls
  4 ironbrand convokers
  4 harpies
  A harpy (shapeshifter) (Vaults:4)
  A phantasmal warrior (Vaults:3)
  A wolf spider zombie (Spider:4)
  8 necromancers
  25 ugly things
  A fire giant zombie (Depths:3)
  2 cyclopes
  19 wolf spiders
  11 orc knights
  15 deep elf magi
  A wolf spider (shapeshifter) (Depths:2)
  10 orb spiders
  3 orc sorcerers (Orc:2)
  21 elephants
  A manticore (D:15)
  A fire giant skeleton (Depths:3)
  A black mamba (shapeshifter) (D:14)
  A black mamba (Lair:6)
  2 centaur zombies
  An elephant (shapeshifter) (Vaults:4)
  A human skeleton (Vaults:5)
  A sphinx skeleton (Depths:1)
  4 vault sentinels
  A torpor snail (Spider:4)
  A smoke demon (Lair:6)
  A gargoyle (D:14)
  2 spectral redbacks (Spider:4)
  2 orange demons (Lair:6)
  6 spiny frogs
  2 freezing wraiths
  16 yaktaurs
  4 rime drakes (Lair:6)
  4 demonic crawlers
  6 komodo dragons
  3 ice devils (Lair:6)
  4 tengu conjurers
  A shadow dragon simulacrum (Vaults:5)
  A merfolk (shapeshifter) (Depths:3)
  A red devil (Lair:6)
  26 jumping spiders
  7 trolls
  A meliai (shapeshifter) (Vaults:4)
  A polar bear (Lair:6)
  A meliai (Spider:3)
  A queen bee (Spider:3)
  A spectral jumping spider (Spider:4)
  8 hornets
  2 spectral tarantellas (Spider:4)
  A wind drake (shapeshifter) (Vaults:1)
  14 blink frogs
  A blink frog (shapeshifter) (Depths:4)
  2 jumping spider zombies (Spider:4)
  A polar bear (shapeshifter) (Depths:1)
  A raiju (shapeshifter) (Vaults:5)
  16 slime creatures
  A tarantella zombie (Spider:4)
  4 dream sheep
  A hippogriff (Lair:6)
  A meliai zombie (D:14)
  A stone giant simulacrum (Depths:1)
  An ettin zombie (Depths:1)
  2 fire giant simulacra
  An ettin skeleton (Depths:1)
  4 air elementals
  48 redbacks
  A redback (shapeshifter) (Vaults:5)
  A shadow (D:14)
  12 yaks
  2 basilisks
  A water elemental (Elf:1)
  5 wraiths
  3 wyverns
  An elf zombie (Depths:1)
  26 tarantellas
  A yaktaur simulacrum (Vaults:3)
  A fire elemental (Elf:3)
  3 hungry ghosts
  A vampire mosquito (Swamp:4)
  An acid dragon (D:12)
  3 swamp worms (Lair:3)
  8 wargs
  7 water moccasins
  2 porcupines (Lair:4)
  2 hell hounds (Lair:6)
  A spectral hornet (Spider:4)
  2 ice beasts
  24 orc warriors
  A sky beast (D:14)
  A black bear (shapeshifter) (D:14)
  3 phantoms
  An elephant zombie (Lair:5)
  7 boggarts
  A necrophage (D:14)
  5 wolves (Lair:2)
  19 ogres
  4 centaurs
  8 crocodiles
  An elf simulacrum (Depths:1)
  A bullfrog (shapeshifter) (Depths:3)
  A komodo dragon zombie (Lair:5)
  2 big kobolds
  15 bullfrogs
  2 gnoll sergeants
  An ogre simulacrum (Vaults:1)
  A scorpion (Spider:2)
  6 killer bees
  4 electric eels
  5 crimson imps
  2 human simulacra
  2 bullfrog zombies
  4 hounds
  A centaur skeleton (D:12)
  4 jellies
  4 orc priests
  7 orc wizards
  An iguana (D:9)
  5 worker ants
  A crocodile zombie (Lair:5)
  6 gnolls
  3 adders
  2 oozes (Depths:4)
  2 worms (Spider:3)
  20 orcs
  2 jackals (D:10)
  2 kobolds
  A quokka (D:11)
  A briar patch (Swamp:4)
  24 fungi
  11 plants
942 creatures vanquished.

Vanquished Creatures (others)
  8 orc warlords
  An ironheart preserver (Vaults:1)
  An orc high priest (D:14)
  A great orb of eyes (Depths:2)
  3 yaktaur captains
  An ogre mage (Vaults:4)
  3 orc sorcerers
  5 two-headed ogres (Vaults:4)
  A deep troll earth mage (D:12)
  Sonja (D:15)
  A deep elf archer (Vaults:2)
  2 swamp dragons (Swamp:4)
  16 orc knights
  2 cyclopes
  2 ironbrand convokers
  2 deep elf magi (Elf:2)
  13 yaktaurs
  35 orc warriors
  A troll (Vaults:1)
  A water elemental (Elf:3)
  2 humans (Swamp:1)
  2 steam dragons (Swamp:4)
  A swamp worm (Swamp:1)
  3 slaves (D:7)
  2 swamp drakes (Swamp:4)
  2 ogres
  5 centaurs
  13 orc priests
  A crimson imp (D:7)
  16 orc wizards
  An adder (D:12)
  99 orcs
  4 kobolds (D:7)
  A bush (Lair:3)
  26 fungi
  13 plants
291 creatures vanquished.

Grand Total: 2406 creatures vanquished

Notes
Turn   | Place    | Note
-------+----------+-------------------------------------------
     0 | D:1      | Sharkie the Hill Orc Monk began the quest for the Orb.
     0 | D:1      | Reached XP level 1. HP: 19/19 MP: 1/1
    75 | D:1      | Reached skill level 1 in Armour
   218 | D:1      | Reached XP level 2. HP: 21/27 MP: 2/2
   724 | D:1      | Reached XP level 3. HP: 12/33 MP: 3/3
  1087 | D:1      | Reached skill level 4 in Fighting
  1559 | D:2      | Reached XP level 4. HP: 32/40 MP: 4/4
  1645 | D:2      | Found a sacrificial altar of Ru.
  1695 | D:2      | HP: 2/41 [worm (1)]
  2110 | D:2      | Found a burning altar of Makhleb.
  2124 | D:2      | Reached XP level 5. HP: 33/47 MP: 5/5
  2743 | D:3      | Noticed letownia's ghost (weakling OpTm)
  2757 | D:3      | Killed letownia's ghost
  2810 | D:3      | Noticed an ogre
  2826 | D:3      | Killed an ogre
  2826 | D:3      | Reached skill level 5 in Fighting
  2826 | D:3      | Reached XP level 6. HP: 20/56 MP: 6/6
  3046 | D:3      | Found a snail-covered altar of Cheibriados.
  3051 | D:3      | Found a glowing golden altar of the Shining One.
  3388 | D:4      | Reached skill level 5 in Polearms
  3634 | D:4      | Became a worshipper of Beogh the Brigand
  3634 | D:4      | Reached * piety under Beogh
  3634 | D:4      | Reached ** piety under Beogh
  3661 | D:4      | Found a bloodstained altar of Trog.
  3661 | D:4      | Found a shattered altar of Ashenzari.
  3884 | D:4      | Noticed Duvessa
  3886 | D:4      | Noticed Dowan
  3906 | D:4      | Killed Duvessa
  3906 | D:4      | Reached skill level 1 in Shields
  3906 | D:4      | Reached skill level 1 in Invocations
  3906 | D:4      | Reached XP level 7. HP: 60/62 MP: 7/7
  3914 | D:4      | Reached skill level 6 in Fighting
  3938 | D:4      | Killed Dowan
  4198 | D:5      | Entered Level 5 of the Dungeon
  4465 | D:5      | Reached skill level 5 in Armour
  4549 | D:5      | Reached XP level 8. HP: 71/71 MP: 8/10
  4566 | D:5      | Noticed letownia's ghost (amateur OpTm)
  4583 | D:5      | Killed letownia's ghost
  4678 | D:5      | Found a staircase to the Ecumenical Temple.
  4699 | Temple   | Entered the Ecumenical Temple
  5123 | D:5      | Reached skill level 7 in Fighting
  5570 | D:5      | Found a glowing golden altar of the Shining One.
  5572 | D:5      | Noticed an angel
  5594 | D:5      | Found a basalt altar of Yredelemnul.
  5596 | D:5      | Noticed a profane servitor
  5696 | D:6      | Reached skill level 5 in Invocations
  5696 | D:6      | Reached XP level 9. HP: 77/79 MP: 12/12
  5951 | D:6      | Found a shimmering altar of Xom.
  5966 | D:6      | Noticed Blork the orc
  5985 | D:6      | Killed Blork the orc
  6219 | D:6      | Noticed Prince Ribbit
  6320 | D:6      | Reached skill level 8 in Fighting
  6389 | D:6      | Noticed Sigmund
  6400 | D:6      | Killed Sigmund
  6603 | D:6      | Killed Prince Ribbit
  6772 | D:6      | Reached skill level 5 in Shields
  6985 | D:7      | Noticed Pikel
  7015 | D:7      | Killed Pikel
  7016 | D:7      | Noticed Joseph
  7073 | D:7      | Killed Joseph
  7073 | D:7      | Reached XP level 10. HP: 41/90 MP: 15/15
  7329 | D:7      | Reached skill level 9 in Fighting
  7385 | D:7      | Noticed Menkaure
  7394 | D:7      | Killed Menkaure
  7792 | D:7      | Reached *** piety under Beogh
  8029 | D:7      | Reached skill level 1 in Evocations
  8258 | D:8      | Found a flagged portal.
  8269 | Bailey   | Entered a bailey
  8512 | Bailey   | Noticed an orc knight
  8529 | Bailey   | Killed an orc knight
  8821 | D:8      | Got a pitted falchion
  8822 | D:8      | Identified the cursed +0 falchion of the Morning {slice, +Blink rC+ Int+2 Dex-3} (You found it on level 8 of the Dungeon)
  8906 | D:8      | Reached **** piety under Beogh
  9046 | D:8      | Reached skill level 10 in Fighting
  9191 | D:8      | Found Roopunar's Food Shop.
  9227 | D:8      | Reached XP level 11. HP: 99/99 MP: 17/17
 10385 | D:9      | Noticed Erolcha
 10400 | D:9      | Killed Erolcha
 10831 | D:9      | Reached ***** piety under Beogh
 10847 | D:10     | Entered Level 10 of the Dungeon
 10869 | D:10     | Found Asua's Distillery.
 10871 | D:10     | Found Dap Coxkayt's Weapon Emporium.
 10880 | D:10     | Bought a potion of degeneration for 12 gold pieces
 10880 | D:10     | Bought 2 potions of mutation for 192 gold pieces
 10892 | D:10     | Gained mutation: You do not regenerate when monsters are visible. [potion of mutation]
 10892 | D:10     | Gained mutation: Your muscles are strong. (Str +2) [potion of mutation]
 10893 | D:10     | Lost mutation: Your muscles are strong. (Str +2) [potion of mutation]
 10893 | D:10     | Lost mutation: You do not regenerate when monsters are visible. [potion of mutation]
 10893 | D:10     | Gained mutation: You have a pair of small horns on your head. [potion of mutation]
 10893 | D:10     | Gained mutation: You have a pair of horns on your head. [potion of mutation]
 10893 | D:10     | Gained mutation: You are partially covered in iridescent scales. (AC +2) [potion of mutation]
 10893 | D:10     | Gained mutation: You possess an exceptional clarity of mind. [potion of mutation]
 11105 | D:10     | Noticed a two-headed ogre
 11119 | D:10     | Killed a two-headed ogre
 11307 | D:10     | Noticed a cyclops
 11321 | D:10     | Killed a cyclops
 11321 | D:10     | Reached skill level 11 in Fighting
 11531 | D:11     | Found Gobluq's Gadget Shoppe.
 11532 | D:11     | Reached skill level 10 in Invocations
 11734 | D:11     | Noticed a death yak
 11747 | D:11     | Found a staircase to the Lair.
 11756 | D:11     | Killed a death yak
 11917 | D:11     | Gained Learuk as an ally
 12089 | D:11     | Found Dorrunaf's Jewellery Emporium.
 12093 | D:11     | Bought an uncursed ring of see invisible for 210 gold pieces
 12270 | D:11     | Noticed a white ugly thing
 12282 | D:11     | Killed a white ugly thing
 12304 | D:11     | Found Pyseug's Antique Armour Boutique.
 12311 | D:11     | Bought a runed large shield for 187 gold pieces
 12572 | D:11     | Reached skill level 10 in Polearms
 12593 | D:11     | Found Bonnaigu's Armour Emporium.
 12602 | D:11     | Bought a +2 pair of gloves for 214 gold pieces
 12781 | D:11     | Reached XP level 12. HP: 110/110 MP: 19/19
 12868 | Lair:1   | Entered Level 1 of the Lair of Beasts
 12974 | Lair:1   | Reached skill level 5 in Evocations
 13481 | Lair:1   | Noticed an eight-headed hydra
 13485 | Lair:1   | Your ally Learuk died
 13486 | Lair:1   | Killed a nine-headed hydra
 13620 | Lair:1   | Noticed a seven-headed hydra
 13629 | Lair:1   | Killed an 11-headed hydra
 13658 | Lair:1   | Reached skill level 12 in Fighting
 13658 | Lair:1   | Reached skill level 10 in Shields
 13658 | Lair:1   | Reached XP level 13. HP: 53/119 MP: 6/20
 14106 | Lair:2   | Gained Jorge as an ally
 14216 | Lair:2   | Noticed Fannar
 14230 | Lair:2   | Killed Fannar
 15133 | Lair:3   | Gained Olfik as an ally
 15554 | Lair:3   | Found a staircase to the Swamp.
 15569 | Lair:3   | Reached skill level 13 in Fighting
 16235 | Lair:3   | Found a hole to the Spider Nest.
 16816 | Lair:3   | Reached ****** piety under Beogh
 17108 | Lair:4   | Noticed Josephine
 17113 | Lair:4   | Killed Josephine
 17928 | Lair:4   | Reached XP level 14. HP: 125/129 MP: 7/21
 18717 | Lair:6   | Entered Level 6 of the Lair of Beasts
 19213 | Lair:6   | Identified a scroll of acquirement
 19446 | Lair:6   | HP: 2/130 [komodo dragon (22)]
 19995 | Lair:6   | Reached skill level 14 in Fighting
 20003 | Lair:6   | Found a staircase to the Slime Pits.
 20006 | Lair:6   | Found a viscous altar of Jiyva.
 20621 | Lair:6   | Found a burning altar of Makhleb.
 20641 | Lair:6   | HP: 6/132 [ice devil (5)]
 20994 | Lair:6   | Found a gateway to Hell.
 21483 | D:12     | Found a staircase to the Orcish Mines.
 21881 | D:12     | Found a runed door.
 21882 | D:12     | Noticed a storm dragon
 22323 | Orc:1    | Entered Level 1 of the Orcish Mines
 22400 | Orc:1    | Found Pihank's Food Shop.
 22637 | Orc:2    | Entered Level 2 of the Orcish Mines
 22637 | Orc:2    | Found Sez Wiecs's Antique Armour Emporium.
 22637 | Orc:2    | Noticed an orc warlord
 22647 | Orc:2    | Gained Wardok as an ally
 22649 | Orc:2    | Your ally Wardok died
 22652 | Orc:2    | Gained Urtork as an ally
 22655 | Orc:2    | Noticed a stone giant
 22657 | Orc:2    | Killed an orc warlord
 22659 | Orc:2    | Killed a stone giant
 22659 | Orc:2    | Reached skill level 5 in Dodging
 22696 | Orc:2    | Found Haenuino's Jewellery Boutique.
 23196 | Orc:2    | Found Ehacoem's Antique Weapon Shop.
 23393 | Orc:2    | Noticed Saint Roka
 23396 | Orc:2    | Gained Hawl as an ally
 23406 | Orc:2    | Your ally Hawl died
 23412 | Orc:2    | Reached skill level 10 in Evocations
 23417 | Orc:2    | Killed Saint Roka
 23726 | Orc:2    | Found Qengahuo's General Store.
 23853 | Orc:2    | Found a staircase to the Elven Halls.
 24354 | Orc:2    | Bought the ring of Doonil Ajubb {MR+++ SInv} for 531 gold pieces
 24683 | D:13     | Got a dazzling long sword
 24684 | D:13     | Identified the +7 long sword of a Spat {antimagic, MP-9 Dex+3} (You found it on level 13 of the Dungeon)
 24810 | D:14     | Reached XP level 15. HP: 117/139 MP: 7/22
 25047 | D:14     | Found a gate to the Vaults.
 25166 | D:14     | Found a shadowy altar of Dithmenos.
 25173 | D:14     | Reached skill level 15 in Fighting
 25624 | D:14     | Noticed a frost giant
 25632 | D:14     | Your ally Urtork died
 25632 | D:14     | Killed a frost giant
 25634 | D:14     | Gained Brunolf as an ally
 26521 | D:15     | Entered Level 15 of the Dungeon
 26533 | D:15     | Noticed Nessos
 26534 | D:15     | Found Vauqiog's Gadget Boutique.
 26534 | D:15     | Found Vuduck's Magic Scroll Boutique.
 26547 | D:15     | Killed Nessos
 26551 | D:15     | Bought a scroll of magic mapping for 35 gold pieces
 26551 | D:15     | Bought a scroll of identify for 20 gold pieces
 26551 | D:15     | Bought a scroll of identify for 20 gold pieces
 26551 | D:15     | Bought 2 scrolls of identify for 40 gold pieces
 26551 | D:15     | Bought a scroll of acquirement for 520 gold pieces
 26794 | D:15     | Got a crystal demon trident
 26795 | D:15     | Identified the +5 demon trident "X" {pain, Fragile +Rage Str+5} (You acquired it on level 15 of the Dungeon)
 26822 | D:15     | Learned a level 4 spell: Control Undead
 26826 | D:15     | Found Teozyete's Food Shop.
 26859 | D:15     | Reached skill level 1 in Necromancy
 26870 | D:15     | Noticed Louise
 26879 | D:15     | Killed Louise
 27220 | D:15     | Found a portal to a secret trove of treasure.
 27225 | D:15     | Found Beuptahaat's Magic Scroll Boutique.
 27240 | D:15     | Bought a scroll of identify for 34 gold pieces
 27240 | D:15     | Bought a scroll of identify for 34 gold pieces
 27302 | D:15     | Noticed Sonja
 27306 | D:15     | Killed Sonja
 27325 | D:15     | Found Xyerah's Book Emporium.
 27489 | D:15     | Got a vibrating copper amulet
 27499 | D:15     | Found a staircase to the Depths.
 27853 | D:15     | Identified the amulet of Xiduty {Spirit Int+3} (You found it on level 15 of the Dungeon)
 28101 | Spider:1 | Entered Level 1 of the Spider Nest
 28134 | Spider:1 | Noticed Agnes
 28138 | Spider:1 | Killed Agnes
 28162 | Spider:1 | Your ally Brunolf died
 28859 | Spider:2 | Reached XP level 16. HP: 103/151 MP: 22/24
 29011 | Spider:2 | Noticed Roxanne
 29037 | Spider:2 | Killed Roxanne
 29037 | Spider:2 | Reached skill level 16 in Fighting
 29297 | Spider:2 | Identified Roxanne's Tome of Clay (You took it off Roxanne on level 2 of the Spider Nest)
 30577 | Spider:3 | Paralysed by a hornet for 2 turns
 30579 | Spider:3 | Reached skill level 5 in Necromancy
 31394 | Spider:4 | Entered Level 4 of the Spider Nest
 31399 | Spider:4 | Reached skill level 15 in Polearms
 32207 | Spider:4 | Reached skill level 10 in Armour
 32696 | Spider:4 | Reached XP level 17. HP: 146/160 MP: 9/25
 33153 | Spider:4 | Your ally Jorge died
 33520 | Spider:4 | Reached skill level 17 in Fighting
 33818 | Spider:4 | Got a gossamer rune of Zot
 34510 | Elf:1    | Entered Level 1 of the Elven Halls
 34975 | Elf:1    | Your ally Olfik died
 35277 | Elf:1    | Identified the Almanac of Necromancy
 35415 | Elf:1    | Got a pair of distressingly furry gloves
 35417 | Elf:1    | Identified the +0 pair of gloves of Contentment {*Contam Dex+9} (You found it on level 1 of the Elven Halls)
 36106 | Elf:2    | Found a huge runed gate.
 36106 | Elf:2    | Found a huge runed gate.
 36107 | Elf:2    | Found a huge runed gate.
 36107 | Elf:2    | Found a huge runed gate.
 36107 | Elf:2    | Found a huge runed gate.
 36178 | Elf:2    | Gained Gorm as an ally
 36781 | Vaults:1 | Entered Level 1 of the Vaults
 36824 | Vaults:1 | Reached XP level 18. HP: 169/171 MP: 23/26
 36841 | Vaults:1 | Reached skill level 18 in Fighting
 36981 | Vaults:1 | Noticed FollowTheCloud's ghost (adept MiGl)
 37004 | Vaults:1 | Killed FollowTheCloud's ghost
 37180 | Vaults:1 | Your ally Gorm died
 37184 | Vaults:1 | Gained Wulfoc as an ally
 37503 | Vaults:1 | Gained Margrim as an ally
 37894 | Vaults:1 | Gained Agrik as an ally
 38170 | Vaults:1 | Reached skill level 15 in Shields
 38692 | Vaults:1 | Found Gaonnoaj's Assorted Antiques.
 39094 | Vaults:1 | Got a translucent helmet
 39096 | Vaults:1 | Identified the +0 helmet of Circular Logic {rPois} (You found it on level 1 of the Vaults)
 39110 | Vaults:1 | Found a roughly hewn altar of Beogh.
 39117 | Vaults:1 | Gained Orkwin as an ally
 39755 | Depths:1 | Entered Level 1 of the Depths
 40267 | Vaults:2 | Gained Bogrim as an ally
 40804 | Vaults:2 | Reached skill level 19 in Fighting
 41316 | Vaults:2 | Reached XP level 19. HP: 169/182 MP: 24/27
 41662 | Vaults:2 | Found a staircase to the Crypt.
 42786 | Vaults:3 | Found Dutis's Food Shoppe.
 44006 | Vaults:3 | Reached skill level 15 in Armour
 44336 | Vaults:4 | Gained Morguth as an ally
 44337 | Vaults:4 | Reached skill level 20 in Fighting
 44358 | Vaults:4 | Found a flickering gateway to a bazaar.
 44371 | Bazaar   | Entered a bazaar
 44373 | Bazaar   | Found Tuhym's General Store.
 44373 | Bazaar   | Found Fittun's Magic Scroll Boutique.
 44382 | Bazaar   | Bought a manual of Shields for 883 gold pieces
 44398 | Bazaar   | Found Lyatt's Jewellery Boutique.
 44408 | Bazaar   | Found Hukhilaz's Antique Weapon Boutique.
 44412 | Bazaar   | Found Zoplil's Antique Weapon Emporium.
 44930 | Vaults:4 | Gained Koronagh as an ally
 45513 | Vaults:4 | Your ally Bogrim died
 45521 | Vaults:4 | Reached XP level 20. HP: 56/193 MP: 20/28
 47052 | D:12     | Gained Horkud as an ally
 47086 | D:12     | Your ally Morguth died
 47251 | Orc:2    | Bought the amulet "Uhim Jor" {Reflect rElec MR+ SH+4} for 745 gold pieces
 47351 | Elf:3    | Entered Level 3 of the Elven Halls
 47511 | Elf:3    | Gained Thorok as an ally
 47763 | Elf:3    | Noticed letownia's ghost (adept OpTm)
 47783 | Elf:3    | Killed letownia's ghost
 47783 | Elf:3    | Gained Bogwald as an ally
 47786 | Elf:3    | Your ally Horkud died
 48237 | Elf:3    | Your ally Thorok died
 48262 | Elf:3    | Got a bone mace {flame}
 48402 | Elf:3    | Identified the +9 mace of Buxto {flame, *Corrode rPois Int+3} (You took it off a deep elf elementalist on level 3 of the Elven Halls)
 48752 | Elf:3    | Identified the Catalogue of Bewitching Self-Knowledge
 48762 | Elf:3    | Identified Emeej's Reference Book on Evil
 48763 | Elf:3    | Identified Thaumaturgy, Part One
 48788 | Elf:3    | Got a warped hand axe
 48797 | Elf:3    | Got a bone hand crossbow
 48808 | Elf:3    | Identified the Reference Book on Feathery Ignition
 48826 | Elf:3    | Got a scorched dagger
 48882 | Elf:3    | Reached skill level 21 in Fighting
 49859 | Swamp:1  | Entered Level 1 of the Swamp
 49962 | Swamp:1  | Noticed Kirke
 49984 | Swamp:1  | Killed Kirke
 50109 | Swamp:1  | Noticed Gelerth's ghost (journeyman GrFi)
 50121 | Swamp:1  | Killed Gelerth's ghost
 50692 | Swamp:2  | Identified the +5 hand axe of Kuxkann {antimagic, rPois rN+ Int-2} (You found it on level 3 of the Elven Halls)
 50694 | Swamp:2  | Identified the cursed +3 dagger of Corporal Punishment {pierce, Int+4} (You found it on level 3 of the Elven Halls)
 51276 | Swamp:3  | Reached XP level 21. HP: 204/204 MP: 29/29
 51292 | Swamp:3  | Gained Okrist as an ally
 51560 | Swamp:3  | Your ally Okrist died
 51931 | Swamp:4  | Entered Level 4 of the Swamp
 51946 | Swamp:4  | Gained Arbolt as an ally
 52082 | Swamp:4  | Your ally Arbolt died
 52400 | Swamp:4  | Got a decaying rune of Zot
 52624 | Swamp:4  | Noticed Donald
 52646 | Swamp:4  | Killed Donald
 53702 | Depths:1 | Your ally Bogwald died
 54412 | Depths:1 | Found a gateway to a ziggurat.
 54500 | Depths:1 | Found a one-way gate leading to the halls of Pandemonium.
 54710 | Depths:1 | Found a one-way gate to the infinite horrors of the Abyss.
 54825 | Depths:1 | Noticed an ancient lich
 54831 | Depths:1 | Killed an ancient lich
 54858 | Depths:1 | Identified the Papyrus of Sinister Rituals
 54865 | Depths:1 | Learned a level 5 spell: Dispel Undead
 55340 | Depths:2 | Noticed a golden dragon
 55375 | Depths:2 | Reached XP level 22. HP: 108/215 MP: 30/30
 55704 | Depths:2 | Reached skill level 22 in Fighting
 55776 | Depths:2 | Killed a golden dragon
 56088 | Depths:2 | Noticed a golden dragon
 56095 | Depths:2 | Killed a golden dragon
 57018 | Depths:3 | Found Ituepres's Antique Armour Emporium.
 57119 | Depths:3 | Learned a level 5 spell: Aura of Abjuration
 57127 | Depths:3 | Noticed Margery
 57135 | Depths:3 | Killed Margery
 57404 | Depths:3 | Noticed a caustic shrike
 57412 | Depths:3 | Killed a caustic shrike
 57773 | Depths:3 | Found a magical portal.
 58447 | Depths:3 | Found a shattered altar of Ashenzari.
 58767 | Depths:4 | Noticed Jorgrun
 58776 | Depths:4 | Killed Jorgrun
 58896 | Depths:4 | Got a spiked ring mail
 58902 | Depths:4 | Identified the +1 ring mail "Caph" {*Slow rN+ Str+3 Int+6} (You found it on level 4 of the Depths)
 58998 | Depths:4 | Gained Olfik as an ally
 59081 | Depths:4 | Your ally Koronagh died
 59301 | Depths:4 | Reached XP level 23. HP: 213/225 MP: 31/31
 59661 | Depths:4 | Noticed Mara
 59669 | Depths:4 | Noticed Sharkie's illusion
 59725 | Depths:4 | Noticed Sharkie's illusion
 60075 | Depths:5 | Entered Level 5 of the Depths
 60520 | Depths:5 | Found a corrupted altar of Lugonu.
 60944 | Depths:5 | Reached skill level 23 in Fighting
 61288 | Depths:5 | Found a gate to the Realm of Zot.
 61899 | Vaults:5 | Entered Level 5 of the Vaults
 61985 | Vaults:4 | Gained Worak as an ally
 62189 | Vaults:5 | Paralysed by a floating eye for 3 turns
 62195 | Vaults:5 | Your ally Olfik died
 62197 | Vaults:5 | Your ally Margrim died
 62199 | Vaults:5 | Your ally Wulfoc died
 62551 | Vaults:5 | Your ally Worak died
 62555 | Vaults:5 | Your ally Orkwin died
 62558 | Vaults:5 | Your ally Agrik died
 62670 | Vaults:5 | Noticed an ancient lich
 62679 | Vaults:5 | Killed from afar by an ancient lich

Skill      XL: |  1  2  3  4  5  6  7  8  9 10 11 12 13 14 15 16 17 18 19 20 21 22 23 |
---------------+----------------------------------------------------------------------+-----
Armour         | 1 2 3 4 5 6 7 8 10 12 13 15 16 17 18 19 | 19.6
Fighting       | 4 5 6 7 8 10 11 12 13 14 15 16 17 19 20 21 22 23 | 23.3
Polearms       | 4 5 6 8 10 11 12 13 14 15 16 18 20 21 | 21.1
Shields        | 1 2 3 5 7 8 10 11 12 14 15 17 19 20 21 22 | 22.1
Invocations    | 1 2 5 7 8 10 | 10.0
Evocations     | 2 4 6 8 10 11 | 11.0
Dodging        | 3 5 6 7 |  7.0
Necromancy     | 3 6 |  6.0
Stealth        | |  1.5

Action                   |  1- 3 |  4- 6 |  7- 9 | 10-12 | 13-15 | 16-18 | 19-21 | 22-24 || total
-------------------------+-------+-------+-------+-------+-------+-------+-------+-------++-------
Melee: Spear             |   167 |   270 |   523 |   984 |       |       |       |       ||  1944
       Falchion          |       |       |       |    20 |       |       |       |       ||    20
       Headbutt          |       |       |       |    51 |   112 |   305 |   465 |   267 ||  1200
       Glaive            |       |       |       |     8 |   511 |       |       |       ||   519
       Demon trident     |       |       |       |       |   161 |  1205 |  1359 |   768 ||  3493
Invok: Convert to Beogh  |       |     1 |       |       |       |       |       |       ||     1
       Smiting           |       |       |     1 |     6 |     5 |     5 |     8 |     3 ||    28
       Recall Orcish Fol |       |       |       |    13 |    40 |    22 |    30 |    28 ||   133
       Give Item to Name |       |       |       |     1 |     5 |     6 |     4 |     2 ||    18
       Resurrection      |       |       |       |       |     1 |       |       |     1 ||     2
Evoke: Wand              |       |       |       |     6 |    16 |     9 |     5 |     2 ||    38
       Phial of floods   |       |       |       |       |       |     1 |       |       ||     1
       Lamp of fire      |       |       |       |       |       |       |       |     1 ||     1
  Use: Potion            |       |     3 |     4 |     4 |    11 |     4 |     2 |     3 ||    31
       Scroll            |       |     1 |    11 |    11 |    23 |    16 |    14 |     9 ||    85
 Stab: Sleeping          |     2 |       |       |       |       |       |       |       ||     2
       Paralysed         |       |       |       |     3 |     3 |     2 |       |       ||     8
       Distracted        |       |       |       |     2 |     8 |     9 |    18 |    14 ||    51
  Eat: Chunk             |     2 |     8 |    10 |    27 |    39 |    31 |    37 |    17 ||   171
       Bread ration      |       |     1 |       |       |     1 |       |       |     2 ||     4
       Fruit             |       |       |       |     4 |     3 |       |     5 |     1 ||    13
       Royal jelly       |       |       |       |     1 |       |       |       |       ||     1
       Meat ration       |       |       |       |       |     1 |     2 |     1 |       ||     4
Armor: Robe              |    11 |       |       |       |       |       |       |       ||    11
       Ring mail         |    41 |    45 |       |       |       |       |       |       ||    86
       Chain mail        |       |    41 |   131 |   280 |   201 |       |       |       ||   653
       Plate armour      |       |       |       |       |    75 |   303 |   200 |   134 ||   712
       Troll leather arm |       |       |       |       |     3 |       |       |       ||     3
       Pearl dragon scal |       |       |       |       |       |     1 |       |       ||     1
Dodge: Dodged            |   104 |   100 |   113 |   232 |   209 |   157 |   156 |    81 ||  1152
Block: Buckler           |       |     2 |    94 |   171 |       |       |       |       ||   267
       Shield            |       |       |       |    23 |       |       |       |       ||    23
       Large shield      |       |       |       |       |    85 |   973 |  1186 |   650 ||  2894
       Reflection        |       |       |       |       |     8 |    87 |   123 |    65 ||   283
       Rpst.: Falchion   |       |       |       |     6 |       |       |       |       ||     6
